 Dungeon Sprint DCSS version 0.22.1-1-ga44c0e56f4 (webtiles) character file.

604 MuseOD the Spear-Bearer (level 7, -5/67 (68) HPs)
             Began as a Merfolk Berserker on Oct 5, 2018.
             Was a Priest of Trog.
             Slain by a neqoxec (9 damage)
             ... in the Dungeon (Sprint II: "The Violet Keep of Menkaure").
             The game lasted 00:00:36 (114 turns).

MuseOD the Spear-Bearer (Merfolk Berserker)          Turns: 114, Time: 00:00:36

HP:   -5/67 (68)    AC:  2    Str: 17      XL:     7   Next: 42%
MP:   6/6           EV: 15    Int:  1 (5)  God:    Trog [***...]
Gold: 486           SH:  0    Dex: 11      Spells: 6/6 levels left

rFire    . . .     SeeInvis .   a - +0 spear
rCold    . . .     Gourm    .   (no shield)
rNeg     . . .     Faith    .   b - +0 animal skin
rPois    .         Spirit   .   (helmet restricted)
rElec    .         Reflect  .   (no cloak)
rCorr    .         Harm     .   (no gloves)
MR       .....     NoTele   +   (no boots)
Stlth    +.........             (no amulet)
HPRegen  0.21/turn              (no ring)
MPRegen  0.10/turn              (no ring)

@: berserk cooldown, slowed, very slow
A: change form in water, swift swim, stealthy swim, horns 1, blurry vision 1,
clumsy 1, dopey 1, low mp 1, weak 1
a: Berserk, Trog's Hand, Renounce Religion


You were in the Dungeon.
You worshipped Trog.
Trog was most pleased with you.
You were not hungry.

You visited 1 branch You collected 486 gold pieces.

Inventory:

Hand Weapons
 a - a +0 spear (weapon)
Armour
 b - a +0 animal skin (worn)
Scrolls
 i - a scroll of blinking
Potions
 d - a potion of curing
 e - a potion of heal wounds
 f - a potion of haste
 g - 2 potions of magic
 h - a potion of berserk rage
Comestibles
 c - a ration


   Skills:
 + Level 11.1 Fighting
 + Level 13.9 Polearms
 + Level 4.0 Armour
 + Level 7.0 Dodging


You had 6 spell levels left.
You didn't know any spells.
Your spell library was empty.

Dungeon Overview and Level Annotations

Branches:
Dungeon (1/1)

Altars:

Shops:
D !!=[([!


Innate Abilities, Weirdness & Mutations

You revert to your normal form in water.
You are very nimble and swift while swimming.
You are very stealthy in the water. (Stealth+)
You have a pair of small horns on your head.
Scrolls take you a little longer to read.
You are clumsy. (Dex -2)
You are dopey. (Int -2)
Your magical capacity is low. (-10% MP)
You are weak. (Str -2)


Message History

The neqoxec is severely wounded.
The neqoxec closely misses you.
The shadow imp disappears for a moment.
The neqoxec misses you.
You barely miss the neqoxec.
The neqoxec is severely wounded.
The neqoxec gestures at you.
Strange energies course through your body.
Your vision blurs.
You hit the neqoxec.
The neqoxec is severely wounded.
The neqoxec hits you.
* * * LOW HITPOINT WARNING * * *
You hit the neqoxec.
The neqoxec is severely wounded.
The neqoxec misses you. x2
You hit the neqoxec.
The neqoxec is almost dead.
The neqoxec completely misses you. The neqoxec hits you!
You die...

.... ##+## ...∩
##@#.## ..∩.#
#33#..# .∩.∩#
###55.# #
∩.∩.#≈##.###5## .##
.∩..#≈#..###.##.w.#
⌠...'33.##'.<.+#
#.#.##.##.w$#
##5###+# .## ### #


You could see 2 neqoxecs, a white imp, a shadow imp and an ufetubus.

Vanquished Creatures
  2 neqoxecs (D)
  4 necrophages (D)
6 creatures vanquished.

Vanquished Creatures (others)
  Menkaure (D)
1 creature vanquished.

Grand Total: 7 creatures vanquished

Notes
Turn   | Place    | Note
-------+----------+-------------------------------------------
     0 | D        | MuseOD the Merfolk Berserker began the quest for the Orb.
     0 | D        | Reached XP level 1. HP: 18/18 MP: 1/1
     1 | D        | Noticed a tyrant leech
     1 | D        | Noticed a tyrant leech
     4 | D        | Noticed a necrophage
     4 | D        | Noticed a necrophage
     4 | D        | Noticed a necrophage
     4 | D        | Noticed a necrophage
    10 | D        | Killed a necrophage
    10 | D        | Reached skill level 8 in Polearms
    10 | D        | Reached XP level 2. HP: 28/28 MP: 2/2
    10 | D        | Reached XP level 3. HP: 34/34 MP: 3/3
    10 | D        | Reached XP level 4. HP: 40/40 MP: 4/4
    15 | D        | Killed a necrophage
    15 | D        | Reached skill level 10 in Polearms
    15 | D        | Reached skill level 5 in Dodging
    15 | D        | Reached XP level 5. HP: 48/48 MP: 5/5
    17 | D        | Killed a necrophage
    17 | D        | Reached ** piety under Trog
    17 | D        | Reached skill level 11 in Polearms
    17 | D        | Reached XP level 6. HP: 57/57 MP: 6/6
    22 | D        | Killed a necrophage
    22 | D        | Reached skill level 12 in Polearms
    49 | D        | Noticed a neqoxec
    60 | D        | Killed Menkaure
    64 | D        | Noticed a neqoxec
    67 | D        | Gained mutation: You are dopey. (Int -2) [a neqoxec]
    72 | D        | Killed a neqoxec
    72 | D        | Reached skill level 10 in Fighting
    72 | D        | Reached skill level 13 in Polearms
    72 | D        | Reached XP level 7. HP: 66/66 MP: 7/7
    72 | D        | Gained mutation: Your magical capacity is low. (-10% MP) [a
                  | neqoxec]
    77 | D        | Killed a neqoxec
    77 | D        | Reached *** piety under Trog
    80 | D        | Found Ruecoich's Antique Weapon Shop.
    80 | D        | Found Nikky Ymy's Distillery.
    80 | D        | Found Ope Runu's Distillery.
    80 | D        | Found Yfujeisewk's Antique Armour Boutique.
    80 | D        | Found Qef Turag's Armour Boutique.
    81 | D        | Found Egyt's Jewellery Shop.
    81 | D        | Found Xies's Distillery.
    81 | D        | Noticed a neqoxec
    85 | D        | Noticed a neqoxec
    86 | D        | Gained mutation: You are weak. (Str -2) [a neqoxec]
    99 | D        | Gained mutation: You are clumsy. (Dex -2) [a neqoxec]
   103 | D        | Gained mutation: You have a pair of small horns on your
                  | head. [a neqoxec]
   111 | D        | Gained mutation: Scrolls take you a little longer to read.
                  | [a neqoxec]
   112 | D        | HP: 3/67 [neqoxec (6)]
   114 | D        | Slain by a neqoxec

Skill      XL: |  1  2  3  4  5  6  7 |
---------------+----------------------+-----
Fighting       | 6 8 9 10 11 | 11.1
Polearms       | 8 10 11 13 | 13.9
Armour         | 2 3 4 |  4.0
Dodging        | 4 5 6 7 |  7.0

Action                   |  1- 3 |  4- 6 |  7- 9 || total
-------------------------+-------+-------+-------++-------
Melee: Spear             |     5 |    34 |    25 ||    64
Invok: Berserk           |     1 |     1 |       ||     2
Armor: Animal skin       |       |       |     1 ||     1
Dodge: Dodged            |     1 |     5 |    15 ||    21
